 Dungeon Crawl Stone Soup version 0.28-a0-1444-g6c55d0bc0c (webtiles) character file.

Game seed: 2375597385505757469

91 Essalna the Skirmisher (level 4, 0/37 HPs)
             Began as a Djinni Delver on Jan 10, 2022.
             Killed from afar by an orc wizard (2 damage)
             ... with a puff of flame
             ... on level 3 of the Dungeon.
             The game lasted 00:01:54 (724 turns).

Essalna the Skirmisher (Djinni Delver)               Turns: 724, Time: 00:01:54

Health: 0/37       AC:  3    Str: 11    XL:     4   Next: 88%
Gold:   0          EV: 12    Int: 13    God:
                   SH:  0    Dex: 15

rFire   + + .      SeeInvis .   i - +2 flail (protect)
rCold   . . .      Faith    .   (no shield)
rNeg    . . .      Spirit   .   b - +0 leather armour
rPois   ∞          Reflect  .   (no helmet)
rElec   .          Harm     .   (no cloak)
rCorr   .          Rampage  .   (no gloves)
Will    .....                   (boots unavailable)
Stlth   ++........              (no amulet)
HPRegen 0.12/turn               l - ring of protection from cold
MPRegen 0.00/turn               (no ring)

@: flying
A: sickness immunity, fire resistance 2, cold vulnerability 1, float, innate
caster, hp casting, extra vitality 1
a: no special abilities


You were on level 3 of the Dungeon.
You visited 1 branch of the dungeon, and saw 3 of its levels.

Inventory:

Hand Weapons
 a - a +0 falchion
 i - a +2 flail of protection (weapon)
Armour
 b - a +0 leather armour (worn)
Jewellery
 l - a ring of protection from cold (left hand)
Wands
 g - a wand of digging (3)
Scrolls
 c - a scroll of fog
 d - a scroll of magic mapping
 e - 2 scrolls of fear
Potions
 f - a potion of haste
 h - a potion of curing {unknown}
 j - a potion of flight {unknown}
 k - 2 potions of cancellation {unknown}


   Skills:
 + Level 4.2 Fighting
 - Level 1.7 Long Blades
 - Level 2.1 Dodging
 - Level 4.1 Stealth
 + Level 2.0 Spellcasting


You had 6 spell levels left.
You knew the following spells:

 Your Spells              Type           Power      Damage    Failure   Level
a - Sandblast             Erth           12%        2d6       14%         1
Your spell library was empty.

Dungeon Overview and Level Annotations

Branches:
Dungeon (5/15)
 Temple: D:4-7

Altars:
Vehumet


Innate Abilities, Weirdness & Mutations

You are immune to sickness and miasma.
You are immune to poison.
Your flesh is very heat resistant. (rF++)
You are vulnerable to cold. (rC-)
You float through the air rather than walking.
You learn spells naturally, not from books.
Your magical power is your life essence.
You have superior vitality. (+4 MHP)


Message History

Things that are here:
a +0 short sword; a +0 chain mail You miss something.
Something barely misses you.
You closely miss something.
Something hits you but does no damage. x2
Something hits you.
You barely miss something.
You feel less confused. Something hits you but does no damage.
You barely miss something.
You hear some strange, mumbled words.
A puff of flame appears from out of thin air!
The puff of flame hits you. You resist.
You barely miss something. Something hits you.
* * * LOW HITPOINT WARNING * * *
You hear some strange, mumbled words.
A puff of flame appears from out of thin air!
The puff of flame misses you.
You closely miss something.
You hear some strange, mumbled words.
Something tries to affect you, but you resist.
You miss something. Something hits you.
* * * LOW HITPOINT WARNING * * *
Something hits you.
* * * LOW HITPOINT WARNING * * *
You hit something.
Your weapon exudes an aura of protection.
An orc wizard appears from thin air!
Reactivating autopickup.
The orc wizard hits you but does no damage.
A ball python comes into view.
You closely miss the orc wizard.
The orc wizard is heavily wounded.
The orc wizard hits you but does no damage.
You closely miss the orc wizard.
The orc wizard is heavily wounded.
The orc wizard hits you with a +2 dagger of holy wrath.
* * * LOW HITPOINT WARNING * * *
The orc wizard points at you and mumbles some strange words.
The puff of flame hits you. You resist.
You die...

....#+#.#
........#
.....(..#
.........
........#
.(......#
#'#)#
#.#o#
#.)@# .
##..#
....##..#
........S#
.........#
########.#
#.# #.#
..#


You could see an orc wizard and a ball python (wandering).

Vanquished Creatures
  A jelly (D:5)
  A bullfrog skeleton (D:5)
  An orc wizard (D:3)
  An ufetubus (D:4)
  An orc (D:3)
  A ball python (D:4)
  A quokka (D:5)
7 creatures vanquished.

Notes
Turn   | Place    | Note
-------+----------+-------------------------------------------
     0 | D:5      | Essalna the Djinni Delver began the quest for the Orb.
     0 | D:5      | Reached XP level 1. HP: 20/20 MP: 0/0
    30 | D:5      | Reached skill level 1 in Spellcasting
    30 | D:5      | Reached XP level 2. HP: 12/25 MP: 0/0
    30 | D:5      | Reached XP level 3. HP: 14/30 MP: 0/0
    30 | D:5      | Learned a level 1 spell: Sandblast
   250 | D:5      | Reached XP level 4. HP: 14/37 MP: 0/0
   724 | D:3      | Killed from afar by an orc wizard

Illustrated notes

Levels and vault maps discovered:
D:3:      layout_basic, lemuel_crystal_altar, kennysheep_orc_chapel
D:4:      layout_cave_pools, lemuel_doored_altar, nrook_mini_vaults
D:5:      layout_basic, kennysheep_okawaru_gauntlet, gammafunk_ghost_stat_death,
          uniq_sigmund, uniq_blork_the_orc

Skill      XL: |  1  2  3  4 |
---------------+-------------+-----
Spellcasting   | 1 2 |  2.0
Fighting       | 4 |  4.2
Long Blades    | |  1.7
Dodging        | |  2.1
Stealth        | |  4.1

Action                   |  1- 3 |  4- 6 || total
-------------------------+-------+-------++-------
Melee: Flail             |    11 |    24 ||    35
       Punch             |       |     1 ||     1
Armor: Leather armour    |     4 |    12 ||    16
Dodge: Dodged            |     4 |    12 ||    16

Table legend: (Time is in decaauts)
 A = Elapsed time spent in this place.
 B = Non-inter-level travel time spent in this place.
 C = Inter-level travel time spent in this place.
 D = Time resting spent in this place.
 E = Time spent auto-exploring this place.
 F = Levels seen in this place.
 G = Mean time per level.
                   A        B        C        D        E       F      G
               +--------+--------+--------+--------+--------+-----+--------+
         Total |    736 |    736 |      0 |      0 |    521 |   3 |  245.3 |
       Dungeon |    736 |    736 |      0 |      0 |    521 |   3 |  245.3 |
               +--------+--------+--------+--------+--------+-----+--------+

Top non-repeatable levels by time:
     D:5: 489 daAuts
     D:4: 210 daAuts
     D:3: 35 daAuts
